[Event "Team 45 45 League T28"]
[Site "Internet Chess Club"]
[Date "2005.10.02"]
[Round "3"]
[White "kingfischer57"]
[Black "Poet-Laureate"]
[Result "1-0"]
[WhiteElo "1800"]
[BlackElo "1734"]
[TimeControl "2700+45"]

1. d4 c6 2. c4 Nf6 3. Nc3 d5 4. Bg5 h6 5. Bf4 Bf5 6. e3 e6 7. Nf3 Nbd7 8. Bd3
Bxd3 9. Qxd3 Nh5 10. Be5 Nxe5 11. Nxe5 Qg5 12. O-O Bd6 13. Nf3 Qe7 14. cxd5 exd5
15. a3 O-O 16. Rac1 Rac8 17. Nxd5 cxd5 18. Rxc8 Rxc8 19. Qf5 Rc7 20. Qxh5 Rc2
21. Rb1 Qe4 22. Qh4 Qg6 23. h3 Re2 24. Rc1 Rxb2 25. g3 Bxa3 26. Rc8+ Kh7 27. Qd8
Qf6 28. Qxd5 a5 29. Rc7 Be7 30. Qe4+ Qg6 31. Qxe7 Rb1+ 32. Kg2 Ra1 33. Rxb7 Qd3
34. Nh4 Qf1+ 35. Kf3 Qd1+ 36. Ke4 Qc2+ 37. Kd5 Qa2+ 38. Kd6 Qa3+ 39. Kd7 Qa4+
40. Kd8 Qa2 41. Qxf7 Qxf7 42. Rxf7 a4 43. Ra7 a3 44. Nf3 Ra2 45. Ne5 Rxf2 46.
Rxa3 Rh2 47. h4 Rg2 48. g4 Rg3 49. d5 h5 50. g5 Rh3 51. d6 Rxh4 52. d7 Rh1 53.
Ke7 Rd1 54. d8=Q Rxd8 55. Kxd8 h4 56. Ra1 g6 57. Rh1 h3 58. Rxh3+ Kg7 59. Rh6
Kf8 60. Nxg6+ Kf7 61. Nf4 Kg7 62. Ke7 Kg8 63. e4 Kg7 64. e5 Kg8 65. Kf6 Kf8 66.
Rh8# {Black checkmated} 1-0

[Event "Team 45 45 League T28"]
[Site "Internet Chess Club"]
[Date "2005.10.01"]
[Round "3"]
[White "EquesQuartus"]
[Black "crankn8tr"]
[Result "1/2-1/2"]
[WhiteElo "1601"]
[BlackElo "1580"]
[TimeControl "2700+45"]

1. Nf3 Nf6 2. c4 c5 3. g3 b6 4. Bg2 Bb7 5. O-O e6 6. Nc3 Be7 7. b3 O-O 8. Bb2 d6
9. e3 Nbd7 10. d4 Rb8 11. Qe2 Re8 12. Rfd1 Bf8 13. Qc2 g6 14. dxc5 Nxc5 15. Ne5
Bxg2 16. Kxg2 Qc7 17. Nb5 Qb7+ 18. Nf3 Nfe4 19. Nc3 Ng5 20. Qe2 Rbd8 21. h4 Nge4
22. Nxe4 Nxe4 23. Kg1 d5 24. Rac1 Qa6 25. Nd2 Nxd2 26. Rxd2 dxc4 27. Rxd8 Rxd8
28. Bf6 Rd7 29. Rxc4 Qb7 30. Rd4 Rc7 31. Rc4 Rd7 32. Rd4 Rc7 33. Rc4 {Game drawn
by mutual agreement} 1/2-1/2

[Event "Team 45 45 League T28"]
[Site "Internet Chess Club"]
[Date "2005.09.29"]
[Round "3"]
[White "TimGluckman"]
[Black "Bort"]
[Result "1/2-1/2"]
[WhiteElo "1869"]
[BlackElo "1914"]
[TimeControl "2700+45"]

1. d4 Nf6 2. Bg5 Ne4 3. h4 c5 4. d5 Nxg5 5. hxg5 Qb6 6. Qc1 g6 7. e4 Bg7 8. c3
d6 9. Nd2 Nd7 10. Nc4 Qc7 11. a4 b6 12. f4 Bb7 13. Nf3 a6 14. Bd3 O-O 15. Ne3 b5
16. axb5 axb5 17. Rxa8 Rxa8 18. O-O Qb6 19. Kh1 c4 20. Bc2 b4 21. f5 bxc3 22.
bxc3 Bxc3 23. fxg6 hxg6 24. Nxc4 Qb4 25. Ne3 Ra1 26. Bb1 Ba6 27. Nc2 Qc5 28.
Nxa1 Bxf1 29. Qxf1 Bxa1 30. Qd3 Ne5 31. Qc2 Qa3 32. Nxe5 Bxe5 33. Kg1 Qe3+ 34.
Kf1 Qxg5 35. Ba2 Qf4+ 36. Ke1 Qh2 37. Qe2 Qg1+ 38. Kd2 Qd4+ 39. Qd3 Qb2+ 40. Qc2
Qxc2+ 41. Kxc2 Kg7 42. Kd2 Kf6 43. Ke2 Kg5 44. Kf3 Kh4 45. g4 Kg5 46. Bc4 Kf6
47. Ba2 Bh2 48. Bc4 Ke5 49. Bd3 g5 50. Bc4 e6 51. Ba2 exd5 {Game drawn by mutual
agreement} 1/2-1/2

[Event "Team 45 45 League T28"]
[Site "Internet Chess Club"]
[Date "2005.10.01"]
[Round "3"]
[White "buzzard"]
[Black "Rookmaster"]
[Result "1/2-1/2"]
[WhiteElo "1743"]
[BlackElo "1741"]
[TimeControl "2700+45"]

1. e4 c5 2. Nf3 d6 3. b4 cxb4 4. a3 Nf6 5. e5 dxe5 6. Nxe5 Qc7 7. Bb2 Bf5 8.
Bb5+ Nbd7 9. Nxd7 Nxd7 10. d3 Rc8 11. Ba4 bxa3 12. Rxa3 e6 13. Ra1 Be7 14. O-O
O-O 15. Bxd7 Qxd7 16. Rxa7 Qb5 17. Ba1 Ra8 18. Rxa8 Rxa8 19. Nd2 Qa5 20. Nb3 Qa2
21. Qf3 Qxc2 22. Qxb7 Rc8 23. Qxe7 Qxb3 24. Qg5 Bg6 25. h4 Qd5 26. Qg4 Qf5 27.
Qd4 e5 28. Qd6 Qf6 29. Qb4 Bxd3 30. Re1 Qc6 31. Bxe5 Qc4 32. Qb7 Re8 33. Re3 Bf5
34. Qf3 Qg4 35. Qc6 Bd7 36. Qc3 f6 37. Rg3 Qd1+ 38. Kh2 fxe5 39. Qc4+ Be6 40.
Qb5 Qh5 41. Kg1 Qd1+ 42. Kh2 Qd7 43. Qxe5 Bd5 44. Rxg7+ Qxg7 45. Qxe8+ Qf8 46.
Qe5 Ba8 47. f4 Qg7 48. Qe8+ Qf8 49. Qe6+ Kh8 50. f5 Qg8 51. Qe5+ Qg7 52. Qe8+
Qg8 53. Qe2 Qb8+ 54. Kh3 Qb3+ 55. g3 Qd5 56. Qe8+ Qg8 57. Qe5+ Qg7 58. Qe6 h6
59. f6 Qg6 60. Qe5 Qf7 61. h5 Qd7+ 62. Kh4 Kh7 63. g4 Bb7 64. Qc5 Qf7 65. Qc2+
Kh8 66. Qg6 Qxg6 67. hxg6 Be4 68. Kh5 Kg8 69. Kxh6 Kf8 70. g5 Bd3 71. g7+ Kg8
72. Kh5 Be4 73. Kg4 Bg6 74. Kf4 Kf7 75. Ke5 Bh7 76. Kd6 Bg6 77. Kd7 Bh5 78. Kd8
Bg6 79. g8=Q+ Kxg8 80. Ke7 Bf7 {Game drawn by mutual agreement} 1/2-1/2

[Event "Team 45 45 League T28"]
[Site "Internet Chess Club"]
[Date "2005.10.01"]
[Round "3"]
[White "Kingofknights"]
[Black "nursey"]
[Result "1-0"]
[WhiteElo "1690"]
[BlackElo "1612"]
[TimeControl "2700+45"]

1. d4 d5 2. c4 e6 3. Nc3 Nf6 4. Bg5 Be7 5. e3 O-O 6. Qc2 c5 7. Bxf6 Bxf6 8. cxd5
cxd4 9. Nb5 Qa5+ 10. Kd1 dxe3 11. Bd3 exf2 12. Nf3 Rd8 13. Nc7 Bxb2 14. Rb1 Qxa2
15. Rxb2 Qa1+ 16. Rb1 Qa5 17. Nxa8 Qxd5 18. Ke2 f5 19. Rhd1 Nc6 20. Nc7 Qa5 21.
Nb5 Nb4 22. Qc3 Nc6 23. Qxa5 Nxa5 24. Nxa7 Bd7 25. Nb5 e5 26. Bxf5 Bxb5+ 27.
Kxf2 Rxd1 28. Rxd1 Nc6 29. Nxe5 g6 30. Be6+ {Black resigns} 1-0

[Event "Team 45 45 League T28"]
[Site "Internet Chess Club"]
[Date "2005.10.02"]
[Round "3"]
[White "SandiaCaveMan"]
[Black "MJBerkey88"]
[Result "1-0"]
[WhiteElo "1385"]
[BlackElo "1327"]
[TimeControl "2700+45"]

1. d4 e6 2. c4 Nf6 3. Nc3 Bb4 4. Nf3 c5 5. Bd2 cxd4 6. Nxd4 Qb6 7. e3 Bc5 8. Na4
Qd6 9. Nxc5 Qxc5 10. b4 Qd6 11. Nb5 Qc6 12. c5 b6 13. Nd6+ Kd8 14. Nxf7+ Ke7 15.
Nxh8 bxc5 16. Rc1 d6 17. b5 Qb6 18. a4 Bd7 19. a5 Qb7 20. Rb1 Be8 21. Qf3 d5 22.
Be2 c4 23. Bb4+ Kd7 24. Qg3 Kc8 25. Bd6 Qd7 26. b6 axb6 27. axb6 Kb7 28. O-O Ne4
29. Qe5 Nxd6 30. Ra1 Na6 31. Rfb1 Ne4 32. Bxc4 Nd2 33. Bxa6+ Rxa6 34. Qc7+ Qxc7
35. bxc7+ Kxc7 36. Rxa6 Nxb1 37. Ra7+ Kd6 38. Rxg7 h5 39. Ng6 Nc3 40. Nf4 Ne4
41. Rh7 Nf6 42. Rh6 Ke5 43. Nd3+ Kf5 44. f3 Kg5 45. Rh8 Kg6 46. Ne5+ Kg7 47.
Rxe8 Nxe8 48. Kf2 Nd6 49. Kg3 Nf5+ 50. Kf4 Kf6 51. Nd3 Nh4 52. Kg3 Nf5+ 53. Kf4
Nh4 54. g4 Ng6+ 55. Kg3 h4+ 56. Kh3 Kg5 57. f4+ Kf6 58. Ne1 e5 59. fxe5+ Kxe5
60. Nf3+ Ke4 61. Nxh4 Nxh4 62. Kxh4 Kxe3 63. g5 d4 64. g6 d3 65. g7 d2 66. g8=Q
d1=Q 67. Qg3+ Ke4 68. Qg4+ Qxg4+ 69. Kxg4 Ke5 70. Kg5 Ke6 71. Kg6 Ke7 72. Kg7
Ke6 73. h4 Kf5 74. h5 Kg5 75. h6 {Black resigns} 1-0  lambeojo(71): y hay
millones de fosiles de dinosauros enterrados bajo el mar

[Event "Team 45 45 League T28"]
[Site "Internet Chess Club"]
[Date "2005.10.01"]
[Round "3"]
[White "Ferdyrojo"]
[Black "Willymty"]
[Result "0-1"]
[WhiteElo "1293"]
[BlackElo "1292"]
[TimeControl "2700+45"]

1. d4 d5 2. c4 h6 3. e3 Nf6 4. Nc3 e6 5. cxd5 Nxd5 6. Nf3 Bb4 7. Bd2 O-O 8. Qc2
Nc6 9. a3 Ba5 10. b4 Bb6 11. Na4 Bd7 12. Nc5 Bxc5 13. bxc5 a6 14. Rb1 Qc8 15.
Bd3 Nf6 16. O-O Re8 17. Bc3 e5 18. Nxe5 Nxe5 19. dxe5 Ng4 20. Qb2 Bf5 21. Rfd1
Rb8 22. h3 Nxe3 23. fxe3 b6 24. Bxf5 Qxf5 25. Rf1 Qd3 26. Qd2 Qe4 27. Qd4 Qg6
28. cxb6 cxb6 29. Qf4 b5 30. Rf2 Qxb1+ 31. Kh2 Qg6 32. Bb4 Rb7 33. Qf5 Qxf5 34.
Rxf5 Rc7 35. Bd6 Rd7 36. Rf3 Re6 37. g4 f6 38. h4 fxe5 39. Rf8+ Kh7 40. Bb4 e4
41. Kg3 Rg6 42. Bc5 Rd3 43. Kf4 Rc3 44. Bd4 Rxa3 45. Kxe4 Rxg4+ 46. Kd5 Rxh4 47.
e4 Ra4 48. Re8 b4 49. e5 b3 50. Bb2 Ra2 51. Bd4 b2 52. Bxb2 Rxb2 53. Kd6 Rd2+
54. Ke6 a5 55. Ke7 Rf4 56. e6 a4 57. Rf8 Rxf8 58. Kxf8 Re2 59. e7 a3 60. e8=Q
Rxe8+ {White resigns} 0-1

[Event "Team 45 45 League T28"]
[Site "Internet Chess Club"]
[Date "2005.10.01"]
[Round "3"]
[White "littleboo"]
[Black "Havoc"]
[Result "1-0"]
[WhiteElo "1214"]
[BlackElo "1265"]
[TimeControl "2700+45"]

1. e4 d6 2. Nf3 g6 3. Nc3 Nf6 4. d4 Bg7 5. Bd3 O-O 6. O-O b6 7. e5 dxe5 8. dxe5
Nfd7 9. Bf4 Nc6 10. Bb5 Bb7 11. Re1 e6 12. Bg5 Qc8 13. Ne4 Ndxe5 14. Nxe5 Nxe5
15. Nf6+ Bxf6 16. Bxf6 Nc6 17. h3 Nb8 18. Qd2 a6 19. Qh6 {Black resigns} 1-0

[Event "Team 45 45 League T28"]
[Site "Internet Chess Club"]
[Date "2005.10.05"]
[Round "3"]
[White "fuzzface"]
[Black "chesskix"]
[Result "0-1"]
[WhiteElo "1396"]
[BlackElo "1433"]
[TimeControl "2700+45"]

1. d4 Nf6 2. g3 e6 3. Bg2 d5 4. Bg5 Be7 5. Nf3 O-O 6. O-O Nc6 7. a3 Ne4 8. Bxe7
Qxe7 9. Nfd2 f5 10. e3 b6 11. Qe2 a5 12. Bxe4 fxe4 13. Nc3 Ba6 14. Nb5 Nd8 15.
c4 Bxb5 16. cxb5 Nf7 17. f3 Ng5 18. Qg2 exf3 19. Nxf3 Nxf3+ 20. Rxf3 Rxf3 21.
Qxf3 Rf8 22. Qg2 Qg5 23. Qe2 a4 24. Rc1 Qe7 25. e4 Qd7 26. Rc6 Re8 27. Qc2 Rc8
28. e5 Qf7 29. Qxa4 Rf8 30. Rc1 Qf2+ 31. Kh1 Qf3+ 32. Kg1 Qe3+ 33. Kg2 Qxc1 34.
Kh3 g5 35. Kg4 Qf1 36. Qc2 h5+ 37. Kxh5 Qh3+ 38. Kxg5 Rf5+ 39. Qxf5 Qxf5+ 40.
Kh4 Qf2 41. Kg5 Qxb2 42. Kf6 Qxd4 43. Kxe6 Qe4 44. h4 d4 45. h5 Qg4+ 46. Kd5 d3
47. e6 d2 48. Kc6 Qxe6+ 49. Kxc7 d1=Q 50. h6 Qdd7+ 51. Kb8 Qee8# {White
checkmated} 0-1

[Event "Team 45 45 League T28"]
[Site "Internet Chess Club"]
[Date "2005.10.02"]
[Round "3"]
[White "klt713"]
[Black "Mississippian"]
[Result "0-1"]
[WhiteElo "1226"]
[BlackElo "1440"]
[TimeControl "2700+45"]

1. d4 e6 2. Nf3 f5 3. Nc3 Nf6 4. a3 d5 5. Bf4 Bd6 6. Ne5 O-O 7. e3 c6 8. Be2 Ne4
9. O-O Bxe5 10. Bxe5 Nd7 11. Bg3 Nxg3 12. fxg3 Qg5 13. Qd2 b6 14. Bd3 Bb7 15.
Ne2 c5 16. Bb5 Rad8 17. Nf4 Qe7 18. Rae1 Nf6 19. Qe2 c4 20. c3 Ne4 21. Rc1 a6
22. Ba4 b5 23. Bd1 Rde8 24. Ra1 e5 25. dxe5 Qxe5 26. Re1 Rf6 27. Bc2 Rh6 28.
Rad1 Rd8 29. Bxe4 Qxe4 30. Rd4 Qe7 31. Red1 Rhd6 32. Qf3 Qe5 33. Ng6 hxg6 34.
Rh4 R8d7 35. g4 d4 36. Qh3 dxc3 37. Rh8+ Kf7 38. Re1 c2 39. gxf5 Qxf5 40. Qxf5+
gxf5 41. Kf2 Rd2+ 42. Kg3 Rxg2+ 43. Kh3 Rdd2 44. Rh1 Rd1 45. Rxd1 cxd1=Q 46. Rh5
Qg4# {White checkmated} 0-1

[Event "Team 45 45 League T28"]
[Site "Internet Chess Club"]
[Date "2005.09.29"]
[Round "3"]
[White "swcoll"]
[Black "ffplayer"]
[Result "0-1"]
[WhiteElo "832"]
[BlackElo "1145"]
[TimeControl "2700+45"]

1. d4 d5 2. Nf3 e6 3. e3 c5 4. c3 Nc6 5. Nbd2 Nf6 6. Bd3 c4 7. Bb1 Bd6 8. Nf1 a5
9. Qc2 b5 10. g3 b4 11. Bd2 g6 12. Rg1 Ne4 13. Bc1 O-O 14. b3 Nxc3 15. Bb2 Bd7
16. N1d2 Nxb1 17. Rxb1 c3 18. Ba1 cxd2+ 19. Nxd2 Rc8 20. Nc4 dxc4 21. bxc4 Be7
22. Qb2 Bf6 23. Rd1 Ne7 24. f3 Rxc4 25. Rg2 Rc8 26. Rgd2 Nc6 27. h3 Qc7 28. f4
Ne7 29. h4 Nf5 30. Ke2 Nxg3+ 31. Kf2 Nf5 32. Rg1 Bxh4+ 33. Ke2 Bf6 34. Rg5 Qc3
35. Qb1 Qxe3+ 36. Kd1 Qf3+ 37. Re2 Qxf4 38. Reg2 Ne3+ 39. Ke2 Nxg2 40. Re5 Bb5+
41. Rxb5 Qe3+ 42. Kf1 Rc1+ 43. Kxg2 Rxb1 {White resigns} 0-1

[Event "Team 45 45 League T28"]
[Site "Internet Chess Club"]
[Date "2005.10.02"]
[Round "3"]
[White "Thersites"]
[Black "tarheels"]
[Result "0-1"]
[WhiteElo "1652"]
[BlackElo "1716"]
[TimeControl "2700+45"]

1. e4 c5 2. Nf3 d6 3. d4 cxd4 4. Nxd4 Nf6 5. Nc3 a6 6. Bc4 e6 7. f3 b5 8. Bb3
Bb7 9. Be3 Be7 10. Bxe6 fxe6 11. Nxe6 Qd7 12. Nxg7+ Kf7 13. Nf5 Nc6 14. Qd2 Ne5
15. O-O-O Nc4 16. Qd3 Rhd8 17. b3 Ne5 18. Qd2 Rac8 19. f4 Neg4 20. h3 Rxc3 21.
Qxc3 Rc8 22. Qd4 Nxe3 23. Qxe3 Bxe4 24. Nd4 d5 25. Rd2 Bb4 26. Re2 Rc3 27. Qf2
Qc7 28. g4 Bc5 29. Rd1 Rxh3 30. g5 Rf3 31. Qh4 Rxf4 32. Qh6 Ng8 33. Qh2 Bxd4 34.
Rxe4 dxe4 35. Qxh7+ Bg7 36. g6+ Kf8 37. Qh2 Qe5 38. Qh3 Qa1+ 39. Kd2 e3+ 40. Ke2
Rf2+ 41. Kxe3 Qc3+ 42. Rd3 Qe1# {White checkmated} 0-1

[Event "Team 45 45 League T28"]
[Site "Internet Chess Club"]
[Date "2005.09.30"]
[Round "3"]
[White "Mikey29a"]
[Black "tammany"]
[Result "0-1"]
[WhiteElo "1628"]
[BlackElo "1488"]
[TimeControl "2700+45"]

1. e4 c5 2. Nf3 d6 3. d4 cxd4 4. Nxd4 Nf6 5. Nc3 a6 6. Be3 Nc6 7. Qd2 e5 8. Nb3
Be7 9. f3 O-O 10. O-O-O Be6 11. Nd5 Bxd5 12. exd5 Na7 13. g4 Qd7 14. g5 Nh5 15.
h4 f5 16. Bh3 Qa4 17. Kb1 Nb5 18. Rdg1 g6 19. Bg4 fxg4 20. fxg4 Nf4 21. h5 Qe4
22. hxg6 Nxg6 23. Qh2 Rf7 24. Rg3 Rc8 25. Rh3 Nf4 26. Bxf4 exf4 27. Rh6 Bxg5 28.
Qh5 Bxh6 29. Qxh6 Qxc2+ 30. Ka1 Nd4 31. Qg5+ Rg7 32. Qxf4 Nxb3+ 33. axb3 Qxb3
34. Qxd6 Qa4+ 35. Kb1 Qe4+ 36. Ka1 Qxh1+ 37. Ka2 Qe4 {White resigns} 0-1

[Event "Team 45 45 League T28"]
[Site "Internet Chess Club"]
[Date "2005.09.30"]
[Round "3"]
[White "dougmo"]
[Black "boozehound"]
[Result "1-0"]
[WhiteElo "1510"]
[BlackElo "1550"]
[TimeControl "2700+45"]

1. e4 d5 2. exd5 Qxd5 3. Nc3 Qa5 4. d4 Nf6 5. Nf3 Bg4 6. h3 Qh5 7. Be2 e6 8. O-O
Bxh3 9. gxh3 Qxh3 10. Ne5 h5 11. Qd3 Qh4 12. Qg3 Qxd4 13. Be3 Qb4 14. Nd3 Qc4
15. Nf4 Qc6 16. Bb5 Qxb5 17. Nxb5 Kd7 18. Ng6 fxg6 19. Qxc7+ Ke8 20. Qc8+ Kf7
21. Nc7 Rg8 22. Nxa8 Bd6 23. Qc4 Na6 24. Rad1 Nd5 25. Rxd5 {Black resigns} 1-0

[Event "Team 45 45 League T28"]
[Site "Internet Chess Club"]
[Date "2005.10.01"]
[Round "3"]
[White "Invicta-Knight"]
[Black "Two-DogMan"]
[Result "0-1"]
[WhiteElo "1484"]
[BlackElo "1432"]
[TimeControl "2700+45"]

1. e4 e5 2. f4 Nc6 3. Nf3 exf4 4. Bc4 h6 5. d4 d6 6. O-O Bg4 7. Bxf4 Bxf3 8.
Qxf3 Nxd4 9. Bxf7+ Kxf7 10. Qh5+ Ke6 11. Qd5+ Kd7 12. Qxd4 Kc8 13. Nc3 Ne7 14.
Rad1 Nc6 15. Qa4 Be7 16. e5 g5 17. Bg3 a5 18. a3 Ra6 19. Nd5 Nxe5 20. Bxe5 dxe5
21. Nb6+ Rxb6 22. Rxd8+ Rxd8 23. Qxa5 Kb8 24. Qxe5 Bd6 25. Qc3 Rc6 26. Qb3 Bc5+
27. Kh1 Rcd6 28. h3 Rd2 29. Qc3 R8d5 30. Qh8+ Ka7 31. Qc3 Bd6 32. Qe3+ b6 33.
Qc3 Rd1 34. Re1 R1d2 35. Qb3 Rd1 36. Qc3 R1d2 37. Qf3 Bf4 38. Kg1 Rc5 39. Re2
Rd1+ 40. Kf2 Rcd5 41. Qb3 Bd6 42. Kf3 Rf1+ 43. Rf2 Rf5+ 44. Kg4 R1xf2 45. Qa4+
Kb7 46. Qe4+ c6 47. Qxf5 Rxf5 48. Kxf5 Kc7 49. Kg6 Bf4 50. Kxh6 Kd6 51. Kh5 Kd5
52. Kg4 Ke4 53. g3 Bc1 54. b3 Kd4 55. h4 gxh4 56. gxh4 Kc3 57. h5 Kxc2 58. Kf5
Kxb3 59. Kg6 Kxa3 60. h6 Bxh6 {White resigns} 0-1

[Event "Team 45 45 League T28"]
[Site "Internet Chess Club"]
[Date "2005.10.01"]
[Round "3"]
[White "bondguy01"]
[Black "egd01"]
[Result "0-1"]
[WhiteElo "1545"]
[BlackElo "1602"]
[TimeControl "2700+45"]

1. e4 c5 2. Nf3 d6 3. Bb5+ Bd7 4. Bxd7+ Nxd7 5. O-O g6 6. Qe2 Bg7 7. Rd1 a6 8.
d4 Qb6 9. dxc5 Nxc5 10. c3 Rc8 11. Be3 Qc6 12. Bxc5 Qxc5 13. Nbd2 Nf6 14. Nb3
Qh5 15. Re1 Ng4 16. h3 Ne5 17. Nxe5 Qxe2 18. Rxe2 Bxe5 19. g3 O-O 20. f4 Bg7 21.
e5 dxe5 22. fxe5 e6 23. Rd1 Rfd8 24. Nd4 Bf8 25. Kg2 Bc5 26. Red2 Ba7 27. Nf3
Rxd2+ 28. Rxd2 Rc7 29. Nd4 Rd7 30. Nf3 Rxd2+ 31. Nxd2 h6 32. g4 b5 33. b3 Kf8
34. Ne4 Bb8 35. Nd6 Ke7 36. Ne4 Bxe5 37. c4 bxc4 38. bxc4 a5 39. Kf3 f5 40. gxf5
exf5 41. Nf2 Kd6 42. Nd3 Bd4 43. Kf4 a4 44. Kf3 Kc6 45. Nf4 Kc5 46. Nxg6 Kxc4
47. Kf4 Kb4 48. Nh4 Bb2 49. Nxf5 Ka3 50. Nd6 Kxa2 51. Nc4 Kb3 52. Nd2+ Kc2 53.
Nc4 Kc3 54. Nb6 a3 55. Na4+ Kb4 {White resigns} 0-1

[Event "Team 45 45 League T28"]
[Site "Internet Chess Club"]
[Date "2005.10.01"]
[Round "3"]
[White "calily"]
[Black "clarinetref"]
[Result "1-0"]
[WhiteElo "1591"]
[BlackElo "1527"]
[TimeControl "2700+45"]

1. e4 c5 2. Nf3 Nc6 3. d4 cxd4 4. Nxd4 g6 5. Nc3 Bg7 6. Be3 Nf6 7. Bc4 O-O 8. f3
Na5 9. Be2 Nc6 10. Bc4 a6 11. Nxc6 bxc6 12. Qd2 Re8 13. e5 Nd5 14. Nxd5 cxd5 15.
Qxd5 Rb8 16. Qxf7+ Kh8 17. Bd4 e6 18. Qf4 Rf8 19. Qd2 Qc7 20. Qc3 Bb7 21. Bd3
Qd8 22. O-O-O Qg5+ 23. Qd2 Qd8 24. Kb1 a5 25. Bc5 Re8 26. Rhe1 a4 27. Bb5 Bc6
28. Bxc6 dxc6 29. Qxd8 Rexd8 30. Rxd8+ Rxd8 31. Bd6 Bh6 32. Re4 Bf8 33. Kc1 Bxd6
34. exd6 Rxd6 35. Rxa4 Kg7 36. c3 Kf6 37. Kc2 h5 38. Rd4 Rd5 39. Rxd5 exd5 40.
a4 Ke6 41. Kd3 Kd6 42. b4 Kc7 43. a5 Kd6 44. f4 Kc7 45. Kd4 Kd6 46. c4 dxc4 47.
Kxc4 h4 48. g3 hxg3 49. hxg3 Kc7 50. Kc5 Kb7 51. g4 Kc7 52. f5 gxf5 53. gxf5
{Black resigns} 1-0

[Event "Team 45 45 League T28"]
[Site "Internet Chess Club"]
[Date "2005.09.30"]
[Round "3"]
[White "Just-Jim"]
[Black "mambomex"]
[Result "0-1"]
[WhiteElo "1377"]
[BlackElo "1547"]
[TimeControl "2700+45"]

1. e4 e5 2. Nf3 Nc6 3. Bc4 Nf6 4. Nc3 Be7 5. d3 O-O 6. Be3 d6 7. h3 Be6 8. Bxe6
fxe6 9. Ng5 Qd7 10. a3 d5 11. exd5 exd5 12. Ne2 h6 13. Nf3 Rac8 14. Qd2 a6 15.
Bxh6 gxh6 16. Qxh6 Bc5 17. Qg6+ Qg7 18. Qxg7+ Kxg7 19. Ng5 Bxf2+ 20. Kd2 Rcd8
21. Ne6+ Kg8 22. Nxd8 Nxd8 23. Raf1 Bb6 24. Rf5 Nd7 25. Rg5+ Kh7 26. Nc3 Rf2+
27. Ke1 Rxc2 28. Rf1 Rxb2 29. Nxd5 Ba5+ 30. Nb4 c5 31. Rh5+ Kg6 32. Rff5 Ne6 33.
g4 cxb4 34. Rh8 bxa3+ 35. Kd1 a2 36. Rg8+ Kh7 37. Rc8 Rd2+ {White resigns} 0-1

[Event "Team 45 45 League T28"]
[Site "Internet Chess Club"]
[Date "2005.10.02"]
[Round "3"]
[White "kamu"]
[Black "Joyoyo"]
[Result "0-1"]
[WhiteElo "1649"]
[BlackElo "1718"]
[TimeControl "2700+45"]

1. d4 f5 2. c4 e6 3. Nc3 c6 4. Bf4 Nf6 5. Nf3 a6 6. a4 d5 7. c5 Be7 8. a5 O-O 9.
e3 Ne4 10. Be5 Nd7 11. Be2 Bh4 12. g3 Bf6 13. Bxf6 Qxf6 14. Nh4 g5 15. Ng2 g4
16. h3 Rb8 17. h4 e5 18. O-O exd4 19. exd4 Qf7 20. Kh2 Ndf6 21. Nf4 Nh5 22. Nxh5
Qxh5 23. f3 Nf6 24. fxg4 fxg4 25. Bd3 Bd7 26. Qc2 Rbe8 27. Rae1 Qh6 28. Bf5 Bxf5
29. Qxf5 Rxe1 30. Rxe1 Qd2+ 31. Re2 Qxd4 32. Qe6+ Kh8 33. Qe7 Re8 34. Qxb7 Rxe2+
35. Nxe2 Qf2+ 36. Kh1 Qe1+ 37. Kg2 Qxe2+ 38. Kh1 Qf3+ 39. Kh2 Nh5 40. Qc8+ Kg7
41. Qd7+ Qf7 42. Qxg4+ Qg6 43. Qd7+ Qf7 44. Qg4+ Qg6 45. Qd7+ Kh6 46. g4 Qc2+
47. Kg1 Qxc5+ 48. Kh2 Qf2+ 49. Kh1 Ng3# {White checkmated} 0-1

[Event "Team 45 45 League T28"]
[Site "Internet Chess Club"]
[Date "2005.10.09"]
[Round "3"]
[White "cayo89"]
[Black "stakastra"]
[Result "1-0"]
[WhiteElo "1658"]
[BlackElo "1537"]
[TimeControl "2700+45"]

1. e4 e5 2. Nf3 Nc6 3. d4 exd4 4. Nxd4 Nxd4 5. Qxd4 d6 6. Bc4 Be6 7. Nc3 Nf6 8.
O-O Be7 9. Bxe6 fxe6 10. e5 dxe5 11. Qxe5 Qd6 12. Qb5+ c6 13. Qxb7 O-O 14. Rd1
Nd5 15. Nxd5 cxd5 16. Qb3 Rac8 17. Qd3 Bf6 18. c3 Rcd8 19. Be3 Rf7 20. Qd2 Rdf8
21. Bf4 Be5 22. Bxe5 Qxe5 23. Rf1 Qd6 24. Rad1 Qb6 25. b3 Rf5 26. Qd4 Qc7 27.
Rd3 Qa5 28. Rg3 e5 29. Qb4 Qxa2 30. Qb7 R8f7 31. Qxd5 Qe2 32. Qd8+ Rf8 33. Qd5+
Kh8 34. Rf3 Rxf3 35. gxf3 h6 36. Qe4 Qd2 37. Qe3 Qd5 38. Kg2 a5 39. c4 Qb7 40.
Re1 Rf5 41. Qe4 Rg5+ 42. Kf1 Qxb3 43. Rb1 a4 44. Rxb3 axb3 45. Qb1 Rh5 46. Kg2
Rg5+ 47. Kh1 h5 48. Qxb3 h4 49. Qe3 Rg6 50. Qxe5 Kh7 51. c5 h3 52. Qh5+ Rh6 53.
Qxh6+ {Black resigns} 1-0

[Event "Team 45 45 League T28"]
[Site "Internet Chess Club"]
[Date "2005.09.30"]
[Round "3"]
[White "Trixi"]
[Black "JesterFox"]
[Result "0-1"]
[WhiteElo "1484"]
[BlackElo "1564"]
[TimeControl "2700+45"]

1. e4 c5 2. Nf3 Nc6 3. d4 cxd4 4. Nxd4 e5 5. Nb5 d6 6. N1c3 a6 7. Na3 b5 8. Nd5
Nf6 9. Bg5 Be7 10. Bxf6 Bxf6 11. Qf3 Bb7 12. c4 Nd4 13. Qd3 Bxd5 14. cxd5 Rc8
15. Be2 Qa5+ 16. Qd2 Qxd2+ 17. Kxd2 O-O 18. Rac1 Bg5+ 19. Kd3 Rxc1 20. Rxc1 Bxc1
21. Nc2 Nxe2 22. Kxe2 Bxb2 23. f3 a5 {White resigns} 0-1

[Event "Team 45 45 League T28"]
[Site "Internet Chess Club"]
[Date "2005.10.04"]
[Round "3"]
[White "ogoon"]
[Black "hotzoddy"]
[Result "1-0"]
[WhiteElo "1480"]
[BlackElo "1299"]
[TimeControl "2700+45"]

1. e4 e6 2. Nf3 d5 3. exd5 exd5 4. Be2 Nf6 5. d4 Be7 6. O-O O-O 7. h3 Nc6 8. c3
Re8 9. b4 a6 10. a4 b6 11. b5 axb5 12. Bxb5 Bd7 13. Ba3 Bxa3 14. Nxa3 Ne7 15.
Bxd7 Nxd7 16. Qd3 Rxa4 17. Nb5 Rxa1 18. Rxa1 Nf6 19. Ne5 Ne4 20. Ra7 c6 21. Nc7
Rf8 22. c4 f6 23. Ne6 Qe8 24. Nxf8 Kxf8 25. Nf3 Nc8 26. Qa3+ c5 27. Ra8 dxc4 28.
Qa6 Ned6 29. dxc5 bxc5 30. Qa3 Qb5 31. Qa6 Qxa6 32. Rxa6 c3 33. Ne1 Ke7 34. Rc6
c4 35. Nc2 Kd7 36. Ra6 Ne7 37. Ra3 Nd5 38. Ra7+ Nc7 39. Kf1 Nb5 40. Ra4 Nd6 41.
Ke1 f5 42. Ne3 g6 43. Nxc4 Nxc4 44. Rxc4 Nd5 45. Ke2 Ke6 46. Kd3 Ke5 47. g3 h5
48. f4+ Kd6 49. h4 Kd7 50. Kd4 Kd6 51. Rc5 Nc7 52. Rc4 Nd5 53. Kd3 c2 54. Rxc2
Nb4+ 55. Kc3 Nxc2 56. Kxc2 Ke6 57. Kc3 Kd6 58. Kd4 Ke6 59. Kc5 Ke7 60. Kd5 Kf6
61. Kd6 Kf7 62. Kd7 Kf6 63. Ke8 Kg7 64. Ke7 Kg8 65. Kf6 Kh7 66. Kf7 Kh6 67. Kf6
Kh7 68. Kf7 Kh6 69. Kf6 Kh7 70. Kf7 Kh6 71. Kg8 g5 72. hxg5+ Kg6 73. Kf8 h4 74.
gxh4 Kh5 75. Kf7 Kxh4 76. g6 Kg4 77. g7 Kxf4 78. g8=Q Ke4 79. Qg1 f4 80. Qf1 f3
81. Kg6 Ke3 82. Kg5 f2 83. Kg4 Ke4 84. Kg3 Ke5 85. Qxf2 Ke4 86. Qf4+ Kd5 87. Kf3
Ke6 88. Ke4 Kd7 89. Qf6 Kc7 90. Kd5 Kd7 91. Qf7+ Kc8 92. Kc6 Kd8 93. Qd7# {Black
checkmated} 1-0

[Event "Team 45 45 League T28"]
[Site "Internet Chess Club"]
[Date "2005.09.30"]
[Round "3"]
[White "kikian"]
[Black "MiroslavR"]
[Result "0-1"]
[WhiteElo "2046"]
[BlackElo "1994"]
[TimeControl "2700+45"]

1. e4 e6 2. d3 d5 3. Nd2 Nf6 4. Ngf3 Bc5 5. e5 Nfd7 6. d4 Be7 7. Bd3 c5 8. c3
Nc6 9. O-O a5 10. c4 Nxd4 11. Nxd4 cxd4 12. f4 Nc5 13. Be2 d3 14. Bf3 dxc4 15.
Nxc4 Qd4+ 16. Ne3 O-O 17. Kh1 Rb8 18. Bd2 Ne4 19. Bxe4 Qxe4 20. Qh5 Bd7 21. Rae1
Bc6 22. Qh3 b6 23. f5 Qh4 24. Qxh4 Bxh4 25. Rc1 Rfc8 26. fxe6 fxe6 27. Nc4 Rf8
28. Rxf8+ Rxf8 29. Nxb6 Rf2 30. Be3 Bxg2+ 31. Kg1 Re2 32. Rd1 Rxe3 33. Kxg2 Re2+
34. Kh3 Bf2 35. Nc4 Bd4 36. Rxd3 Bxe5 37. Nxa5 Rxh2+ 38. Kg4 Rg2+ 39. Kf3 Rg3+
40. Ke4 Rxd3 41. Kxd3 Bxb2 42. a4 e5 43. Nc4 Bd4 44. Ke4 Kf7 45. a5 Ke6 46. a6
Ba7 47. Nxe5 Kd6 48. Kf5 Kc7 49. Nf3 Be3 50. Ke6 Kb6 51. Kf7 g5 52. Kg7 g4 53.
Nh4 Bf2 54. Ng2 h5 55. Kg6 h4 56. Nf4 h3 57. Nd3 {White resigns} 0-1

[Event "Team 45 45 League T28"]
[Site "Internet Chess Club"]
[Date "2005.10.04"]
[Round "3"]
[White "TheBogNug"]
[Black "LittleTom"]
[Result "1-0"]
[WhiteElo "1858"]
[BlackElo "1814"]
[TimeControl "2700+45"]

1. c4 Nf6 2. Nc3 g6 3. g3 Bg7 4. Bg2 O-O 5. Nf3 d6 6. O-O e5 7. d4 Nbd7 8. e3
Re8 9. b3 c6 10. Bb2 e4 11. Ng5 d5 12. b4 h6 13. Nh3 Nb6 14. c5 Nc4 15. Qc2 Qe7
16. Nf4 g5 17. Nfe2 Bg4 18. h3 Bf3 19. a4 Bxg2 20. Kxg2 g4 21. Nf4 gxh3+ 22.
Nxh3 Ng4 23. Qe2 Qd7 24. Nf4 Nf6 25. b5 Rac8 26. bxc6 {Black forfeits on time}
1-0